 Dungeon Crawl Stone Soup version 0.21.0-24-g2553a33 (webtiles) character file.

69 pstr the Digger (level 4, -3/36 HPs)
             Began as a Naga Earth Elementalist on Jan 20, 2018.
             Was an Initiate of Nemelex Xobeh.
             Killed from afar by an orc wizard (4 damage)
             ... with a magic dart
             ... on level 2 of the Dungeon.
             The game lasted 00:05:39 (2229 turns).

pstr the Digger (Naga Earth Elementalist)           Turns: 2229, Time: 00:05:41

Health: -3/36      AC:  2    Str: 10    XL:     4   Next: 20%
Magic:  0/8        EV: 10    Int: 16    God:    Nemelex Xobeh [......]
Gold:   109        SH:  0    Dex: 12    Spells: 2/8 levels left

rFire    . . .     SeeInvis +   (no weapon)
rCold    . . .     Gourm    .   (no shield)
rNeg     . . .     Faith    .   c - +0 robe
rPois    +         Spirit   .   (no helmet)
rElec    .         Reflect  .   (no cloak)
rCorr    .         Harm     .   (no gloves)
MR       .....                  (no barding)
Stlth    ++........             (no amulet)
HPRegen  0.12/turn              (no ring)
MPRegen  0.11/turn              (no ring)

@: short of breath, very slow
A: large, see invisible, deformed body, poison resistance, slowness 2, slow
metabolism 1, spit poison 1, AC +1
a: Spit Poison, Renounce Religion


You were on level 2 of the Dungeon.
You worshipped Nemelex Xobeh.
Nemelex Xobeh was noncommittal.
You were very hungry.

You visited 1 branch of the dungeon, and saw 3 of its levels.

You collected 109 gold pieces.

Inventory:

Missiles
 b - 44 stones (quivered)
 h - 14 arrows
Armour
 c - a +0 robe (worn)
 i - a +0 helmet
 l - a +0 leather armour
Scrolls
 f - 5 scrolls of identify {unknown}
 g - a scroll of remove curse {unknown}
 j - a scroll of random uselessness {unknown}
 q - a scroll of magic mapping {unknown}
Potions
 a - 2 potions of heal wounds {unknown}
 k - a potion of brilliance {unknown}
 n - 2 potions of curing {unknown}
 p - a potion of might {unknown}
Books
 e - a book of Geomancy

   Spells                             Type                      Level
   a - Sandblast                      Earth                        1
   b - Passwall                       Transmutation/Earth          2
   c - Stone Arrow                    Conjuration/Earth            3
   d - Petrify                        Transmutation/Earth          4
   e - Lee's Rapid Deconstruction     Earth                        5
 o - a book of Changes

   Spells                             Type                      Level
   a - Beastly Appendage              Transmutation                1
   b - Sticks to Snakes               Transmutation                2
   c - Spider Form                    Transmutation/Poison         3
   d - Ice Form                       Ice/Transmutation            4
   e - Blade Hands                    Transmutation                5
Miscellaneous
 m - a plain deck of summoning
Comestibles
 d - 11 rations


   Skills:
 + Level 1.7 Dodging
 + Level 3.5 Stealth
 + Level 2.8 Spellcasting
 + Level 1.0 Transmutations
 + Level 4.1 Earth Magic


You had 2 spell levels left.
You knew the following spells:

 Your Spells              Type           Power        Failure   Level  Hunger
a - Sandblast             Erth           ###...       3%          1    #......
b - Stone Arrow           Conj/Erth      #.....       24%         3    ###....
c - Sticks to Snakes      Tmut           #.......     19%         2    ##.....


Dungeon Overview and Level Annotations

Branches:
Dungeon (3/15)

Altars:
Nemelex Xobeh
Sif Muna
The Shining One

Annotations:
D:3 Ijyb; happinesssam's ghost, weakling MfGl


Innate Abilities, Weirdness & Mutations

You cannot wear boots.
Your serpentine skin is tough. (AC +1)
You have supernaturally acute eyesight. (SInv)
Armour fits poorly on your strangely shaped body.
Your system is resistant to poisons. (rPois)
You cover ground very slowly.
You have a slow metabolism.
You can spit poison.


Message History

The stone arrow misses the orc wizard.
The orc wizard hits you with a dagger.
* * * LOW HITPOINT WARNING * * *
Casting: Stone Arrow
Confirm with . or Enter, or press ? or * to list all spells.
Aiming: Stone Arrow
Press: ? - help, Shift-Dir - straight line, f/p - orc wizard
Aim: an orc wizard, wielding a dagger and wearing a robe (fast)
The stone arrow misses the orc wizard.
You are feeling very hungry.
The orc wizard barely misses you.
The orc wizard hits you but does no damage.
Press: ? - help, Shift-Dir - straight line, f/p - orc wizard
Aim: an orc wizard, wielding a dagger and wearing a robe (fast)
The splash of poison hits the orc wizard.
The orc wizard is moderately wounded.
You feel slightly more hungry. The orc wizard casts a spell at you.
The magic dart hits you!
You die...
Your body disappears without a glow.

##################
......#..........####
#####.#.######..@...#
#.............o.##.#
#.#..#.##.###...##.#
#.#....##.#.....##.#
#.#.##.##.#.#..###.#
#.#.##.##......###.#
##.........#.#......#
..###.....##)########
#.# #.(...##.####


You could see an orc wizard.

Vanquished Creatures
  2 adders (D:2)
  An ooze (D:2)
  2 dart slugs
  2 leopard geckos (D:1)
  An orc (D:3)
  3 bats
  A giant cockroach (D:2)
  3 goblins
  5 hobgoblins
  3 jackals (D:2)
  6 frilled lizards
  3 kobolds
  8 rats
40 creatures vanquished.

Notes
Turn   | Place    | Note
-------+----------+-------------------------------------------
     0 | D:1      | pstr the Naga Earth Elementalist began the quest for the Orb.
     0 | D:1      | Reached XP level 1. HP: 15/15 MP: 3/3
   416 | D:1      | Reached XP level 2. HP: 22/22 MP: 3/5
   536 | D:1      | Found a glowing golden altar of the Shining One.
  1255 | D:2      | Found a sparkling altar of Nemelex Xobeh.
  1281 | D:2      | Became a worshipper of Nemelex Xobeh the Trickster
  1296 | D:2      | Reached XP level 3. HP: 28/28 MP: 3/6
  1302 | D:2      | Learned a level 3 spell: Stone Arrow
  1330 | D:2      | Received a gift from Nemelex Xobeh
  1620 | D:2      | Learned a level 2 spell: Sticks to Snakes
  1631 | D:2      | Found a deep blue altar of Sif Muna.
  1636 | D:2      | Reached skill level 4 in Earth Magic
  1636 | D:2      | Reached XP level 4. HP: 36/36 MP: 0/7
  2204 | D:3      | Noticed Ijyb
  2204 | D:3      | Noticed happinesssam's ghost (weakling MfGl)
  2227 | D:2      | HP: 1/36 [orc wizard/dagger (2)]
  2229 | D:2      | Killed from afar by an orc wizard

Skill      XL: |  1  2  3 |
---------------+----------+-----
Earth Magic    | 4 |  4.1
Dodging        | |  1.7
Stealth        | |  3.5
Spellcasting   | |  2.8
Transmutations | |  1.0

Action                   |  1- 3 |  4- 6 || total
-------------------------+-------+-------++-------
Melee: Unarmed           |     1 |       ||     1
 Cast: Sandblast         |    29 |     6 ||    35
       Stone Arrow       |     5 |    11 ||    16
 Abil: Spit Poison       |     1 |     2 ||     3
  Eat: Chunk             |     2 |     2 ||     4
Armor: Robe              |       |     1 ||     1
Dodge: Dodged            |     4 |     7 ||    11
